 Dungeon Crawl Stone Soup version 0.32-a0-898-g7811c86cf0 (webtiles) character file.

Game seed: 2950360708725730720

65 Heh the Trooper (level 4, -6/37 HPs)
             Began as a Coglin Monk on Apr 5, 2024.
             Mangled by Sigmund
             ... wielding a +0 scythe
              (12 damage)
             ... on level 3 of the Dungeon.
             The game lasted 00:03:36 (1853 turns).

Heh the Trooper (Coglin Monk)                       Turns: 1853, Time: 00:03:37

Health: -6/37      AC:  2    Str: 12    XL:     4   Next: 13%
Magic:  4/4        EV: 12    Int:  9    God:
Gold:   162        SH:  0    Dex: 18    Spells: 3/3 levels left

rFire   . . .        a - +0 falchion {Ermengarde}
rCold   . . .        f - +0 dagger (elec) {Úrsula}
rNeg    . . .        b - +0 robe
rPois   .            (no helmet)
rElec   .            (no cloak)
rCorr   .            (no gloves)
SInv    .            (no boots)
Will    .....        (amulet unavailable)
Stlth   ++           (ring unavailable)
HPRegen 0.26/turn    (ring unavailable)
MPRegen 0.09/turn    (no gizmo)

%: no passive effects
@: hasted, revved, very quick
A: off-hand wielding, slow wielding, warmup strikes, no jewellery
a: Invent Gizmo


You were on level 3 of the Dungeon.
You visited 1 branch of the dungeon, and saw 3 of its levels.

You collected 162 gold pieces.

Inventory:

Hand Weapons
 a - a +0 falchion (weapon) {Ermengarde}
 f - a +0 dagger of electrocution (offhand) {Úrsula}
Armour
 b - a +0 robe (worn)
 d - an orb of light
 h - a +0 pair of gloves
Scrolls
 g - a scroll of silence {unknown}
 i - a scroll of teleportation {unknown}
 k - 4 scrolls of identify {unknown}
 m - a scroll of amnesia {unknown}
 o - a scroll of enchant armour {unknown}
Potions
 e - 2 potions of haste
 j - a potion of degeneration {unknown}
 l - a potion of lignification {unknown}
 n - a potion of attraction {unknown}


   Skills:
 + Level 4.0 Fighting
 - Level 0.2(2.2) Short Blades
 + Level 4.0 Long Blades
 - Level 2.6 Dodging


You had 3 spell levels left.
You didn't know any spells.
Your spell library contained the following spells:

 Spells                   Type           Power      Damage    Failure   Level
 Necrotise                Necr           0%         1d4       38%         1
 Tukima's Dance           Hex            0%         N/A       77%         3
 Vampiric Draining        Necr           0%         2d6       77%         3
 Martyr's Knell           Necr/Summ      0%         N/A       99%         4
 Passage of Golubria      Tloc           0%         N/A       99%         4
 Curse of Agony           Necr           0%         N/A       100%        5
 Yara's Violent Unravell  Hex/Alch       0%         3d3       100%        5


Dungeon Overview and Level Annotations

Branches:
Dungeon (3/15)

Altars:

Shops:
D:1 [

Annotations:
D:3 Sigmund


Innate Abilities, Weirdness & Mutations

You can wield a second weapon in your off-hand.
It takes a long time for you to wield or remove held weapons.
Your first few attacks do less damage.
You cannot equip rings or amulets.


Message History

No target in view!
Unknown command.
Found 5 gold pieces.
Something hits you.
You miss something with your +0 falchion.
You closely miss something with your +0 dagger of electrocution.
You hit something but do no damage.
You slash something with your +0 falchion!
Something hits you.
You closely miss something with your +0 dagger of electrocution.
You closely miss something with your +0 falchion.
Something hits you!
You hit something but do no damage.
You miss something with your +0 dagger of electrocution.
You hit something with your +0 dagger of electrocution.
Lightning courses through something!
You closely miss something with your +0 falchion.
Something hits you.
You barely miss something with your +0 dagger of electrocution.
You barely miss something with your +0 falchion.
Something hits you!
* * * LOW HITPOINT WARNING * * *
Okay, then.
It was a potion of haste.
You feel yourself speed up.
You are confused.
You feel invigorated. Something hits you.
* * * LOW HITPOINT WARNING * * *
You slash something with your +0 falchion!
You miss something with your +0 dagger of electrocution.
You bump into the rock wall.
You closely miss something with your +0 falchion.
You miss something with your +0 dagger of electrocution.
Something hits you!
* * * LOW HITPOINT WARNING * * *
You bump into the rock wall.
You feel less invigorated.
You feel less confused.
You miss something with your +0 falchion.
You barely miss something with your +0 dagger of electrocution.
Something hits you!
You die...

#.##.#
#....#
####.#
###.#
#...#
#.#.#
#...#
...####.#
.......@#
...####{#
#.# #.#
#.# #.#
#$# #.#


There were no monsters in sight!

Vanquished Creatures
  2 adders (D:2)
  A ribbon worm (D:2)
  2 endoplasms
  3 giant cockroaches
  2 goblins
  4 hobgoblins (D:1)
  A quokka (D:1)
  6 ball pythons
  8 bats
  2 frilled lizards
  7 kobolds
  3 rats
41 creatures vanquished.

Notes
Turn   | Place    | Note
-------+----------+-------------------------------------------
     0 | D:1      | Heh the Coglin Monk began the quest for the Orb.
     0 | D:1      | Reached XP level 1. HP: 18/18 MP: 1/1
   110 | D:1      | Noticed an animated gold dragon scales
   112 | D:1      | Found Igomism's Armour Emporium.
   114 | D:1      | Noticed an animated crystal plate armour
   143 | D:1      | Reached XP level 2. HP: 22/24 MP: 2/2
   581 | D:1      | Found a faded altar of an unknown god.
   646 | D:1      | Reached XP level 3. HP: 27/29 MP: 3/3
  1646 | D:2      | Reached XP level 4. HP: 16/37 MP: 4/4
  1836 | D:3      | Noticed Sigmund
  1853 | D:3      | Mangled by Sigmund

Illustrated notes

Levels and vault maps discovered:
D:1:      dpeg_arrival_arbitrary_a, layout_loops_ring,
          hellmonk_ecumenical_altar_crossroads, serial_shops,
          nicolae_shop_mannequins
D:2:      layout_basic
D:3:      layout_basic, kennysheep_generic_room_14, uniq_sigmund

Skill      XL: |  1  2  3 |
---------------+----------+-----
Fighting       | 4 |  4.0
Long Blades    | 4 |  4.0
Short Blades   | |  0.2
Dodging        | |  2.6

Action                     |  1- 3 |  4- 6 || total
---------------------------+-------+-------++-------
  Melee: Falchion          |    72 |    10 ||    82
         Dagger            |    70 |     9 ||    79
    Use: Potion            |       |     2 ||     2
   Stab: Sleeping          |     1 |       ||     1
 Armour: Robe              |    56 |     8 ||    64
  Dodge: Dodged            |    49 |       ||    49

Table legend: (Time is in decaauts)
 A = Elapsed time spent in this place.
 B = Non-inter-level travel time spent in this place.
 C = Inter-level travel time spent in this place.
 D = Time resting spent in this place.
 E = Time spent auto-exploring this place.
 F = Levels seen in this place.
 G = Mean time per level.
                   A        B        C        D        E       F      G
               +--------+--------+--------+--------+--------+-----+--------+
         Total |   1852 |   1714 |    138 |      0 |   1419 |   3 |  617.3 |
       Dungeon |   1852 |   1714 |    138 |      0 |   1419 |   3 |  617.3 |
               +--------+--------+--------+--------+--------+-----+--------+

Top non-repeatable levels by time:
     D:1: 928 daAuts
     D:2: 851 daAuts
     D:3: 73 daAuts
